Unix xNetHack Version 8.0.0 - last build Jan 14 2024 16:46:22 (be4d3c81716514284228e1a23197c27ddb32b841). Game began 2024-03-15 03:06:39, ended 2024-03-15 03:21:21. Catomat, neutral female human Wizard ---------- |........| |.........######## ------------- --------- |........| # |.....~.....|0############........| |........| #######............|# |.......| --.------- |...........|# ........| ### -------|-----# |[).....| # ######## |.<.....| ### # ----|---- # ####### ------------.- |............| |.........f..| |........f@... |............| |............| -------------- Catomat the Conjurer St:11 Dx:15 Co:13 In:18 Wi:9 Ch:10 Neutral S:426 Dlvl:3 $:34 HP:0(18) Pw:28(36) AC:9 Exp:3 T:1122 Latest messages: In what direction? You feel better. # You hear the footsteps of a guard on patrol. Something is written here in the dust. You read: "?d aer ?ium". $ - 5 gold pieces {0} (34 in total). In what direction? You feel better. Double rush prefix, canceled. You begin bashing monsters with your mithril runed dagger. You miss the shrieker. You hit the shrieker. You stab the shrieker. The shrieker shrieks. You miss the shrieker. You miss the shrieker. You impale the shrieker. You miss the shrieker. You jab the shrieker. You pierce the shrieker. You miss the shrieker. You gore the shrieker. You miss the shrieker. You kill the shrieker! You miss the gnome zombie. The gnome zombie scratches you! You miss the gnome zombie. The gnome zombie scratches you! In what direction? The spell hits the gnome zombie! You destroy the gnome zombie! The lichen touches you! You kill the lichen! There are two objects here. g - a food ration {20} (2 in total). j - a lichen corpse {20} (2 in total). p - a scroll labeled PHOL ENDE WODAN {5}. The kitten bites! The kitten bites! The kitten bites! Mewmew bites the kitten. In what direction? The kitten bites! You die... Do you want your possessions identified? [ynq] (y) Do you want to see your attributes? [ynq] (y) Do you want an account of creatures vanquished? [ynaq] (y) Do you want to see your conduct and achievements? [ynq] (y) Do you want to see the dungeon overview? [ynq] (y) Inventory: Inventory: 330/650 weight (16/52 slots) Coins $ - 34 gold pieces {1} Weapons i - a +0 dagger named cursed? {10} d - a +0 mithril elven dagger (weapon in hand) {5} o - a +0 silver elven dagger {10} a - a blessed +1 quarterstaff {40} Armor b - an uncursed +0 cloak of magic resistance (being worn) {8} Comestibles k - an uncursed Slice of Pizza {5} n - an uncursed banana {2} g - 2 uncursed food rations {40} j - 2 uncursed lichen corpses {40} Scrolls p - a blessed scroll of magic mapping {5} l - a cursed scroll of magic mapping {5} h - a cursed scroll of taming {5} Spellbooks c - a blessed spellbook of force bolt {35} f - an uncursed spellbook of healing {35} m - a blessed spellbook of magic missile {40} e - an uncursed spellbook of restore ability {45} Catomat the Wizard's attributes: Background: You were a Conjurer, a level 3 female human Wizard. You were neutral, nominally on a mission for Thoth who was opposed by Ptah (lawful) and Anhur (chaotic). You were heterosexual. You were in the Dungeons of Doom, on level 3. You entered the dungeon 1122 turns ago. It was nighttime. You had 73 experience points, 7 more were needed to attain level 4. Your score was 426 before end-of-game adjustments. Basics: You had 0 out of 18 hit points. You had 28 out of 36 energy points (spell power). Your armor class was 9. Your wallet contained 34 zorkmids. Autopickup was on for '$"?!=/' plus thrown. Final Characteristics: Your strength was 11 (limit:18/100). Your dexterity was 15 (limit:18). Your constitution was 13 (limit:18). Your intelligence was 18 (limit:18). Your wisdom was 9 (limit:18). Your charisma was 10 (limit:18). Final Status: You were not hungry. You were unencumbered. You were wielding a dagger. You were unskilled in dagger. Final Attributes: You were devoutly aligned. You were magic-protected. You were warded. You are dead. Miscellaneous: You never encountered a bones level. Total elapsed playing time was 14 minutes and 41 seconds. Major events: Turn 1: Catomat the neutral female human Wizard entered the dungeon 662: entered the Gnomish Mines 873: attained the rank of Conjurer (level 3) 1122: killed by a kitten Vanquished creatures: a ghost a shrieker 2 coyotes 2 hobbits a giant rat a brown mold a gnome zombie 6 jackals a fox a sewer rat 2 grid bugs a bat 2 lichens 3 newts 25 creatures vanquished. No species were genocided or became extinct. Voluntary challenges: You were an atheist. You were illiterate. You never genocided any monsters. You never polymorphed an object. You never changed form. You never touched an artifact. You used no wishes. You never scared an enemy with impunity. You were celibate. You never generated conflict. Achievements: You entered the Gnomish Mines. You attained the rank of Conjurer. Dungeon overview: The Dungeons of Doom: levels 1 to 3 Level 1: "vault, lk-box" A sink. Level 2: A fountain. Stairs down to The Gnomish Mines. Level 3: <- You were here. Final resting place for you, killed by a kitten. The Gnomish Mines: Level 3: Game over: __________ / \ / REST \ / IN \ / PEACE \ / \ | Catomat | | 34 Au | | killed by a | | kitten | | | | | | 2024 | *| * * * | * _________)/\\_//(\/(/\)/\//\/|_)_______ Goodbye Catomat the Wizard... You died in The Dungeons of Doom on dungeon level 3 with 423 points, and 34 pieces of gold, after 1122 moves. You were level 3 with a maximum of 18 hit points when you died.